Map: Torres Crepusculares

Players

Miltreta - Winner!

  • Race: Terran Terran
  • League: Bronze

I.A. 1 (Fácil)

  • Race: Terran Terran

VOD

Have the link to the VOD?

Description

Time

  • Played on: March 11, 2016, 9 a.m.
  • Length: 15:06
Show
View Real Time Build Order
Export as new Build Order

Miltreta Terran - Winner!

Build Orders:  

Get SALT Encoding   

  12  0:18  Supply Depot  
  12  0:34  SCV  
  13  0:46  SCV  
  14  0:57  Barracks  
  14  0:58  SCV  
  15  1:10  SCV  
  16  1:15  Supply Depot  
  16  1:22  SCV, Supply Depot  
  17  1:48  Barracks, Marine  
  18  2:00  Refinery  
  18  2:06  Marine  
  19  2:24  Marine  
  20  2:49  Supply Depot  
  20  3:20  Factory  
  20  3:28  SCV  
  20  3:29  Refinery  
  20  3:32  Marine  
  22  3:40  SCV  
  23  3:44  Barracks Reactor  
  23  3:50  Marine  
  23  3:52  SCV  
  25  4:04  SCV  
  25  4:07  Marine  
  27  4:12  Hellion  
  29  4:25  Marine  
  30  4:34  Hellion  
  32  4:38  SCV  
  32  4:41  Command Center  
  32  4:43  Marine  
  34  4:50  SCV  
  35  5:03  SCV  
  35  5:06  Bunker  
  36  5:15  SCV  
  37  5:27  SCV  
  38  5:57  SCV, Starport  
  38  6:03  Marine  
  40  6:09  SCV  
  37  6:20  Marine  
  37  6:21  SCV  
  39  6:33  SCV  
  39  6:38  Marine  
  41  6:45  SCV  
  42  6:56  Marine  
  42  6:57  SCV  
  44  7:05  Refinery, Supply Depot  
  44  7:10  SCV  
  44  7:14  Marine  
  44  7:15  Marine x2  
  48  7:20  Factory Tech Lab  
  48  7:22  SCV  
  49  7:32  Marine  
  49  7:33  Marine  
  49  7:34  Barracks Reactor  
  51  7:38  Barracks Tech Lab  
  51  7:50  Marine x2  
  53  8:08  Marine x2  
  55  8:17  Starport Reactor  
  55  8:31  Supply Depot  
  55  8:50  Factory  
  55  8:57  Siege Tank  
  58  9:03  Marine  
  59  9:11  Stimpack  
  59  9:21  Marine  
  60  9:30  Siege Tank  
  63  9:37  Marine x2  
  65  9:39  Marine  
  66  9:54  Marine  
  66  9:55  Marine  
  66  9:57  Marine  
  69  10:02  Siege Tank  
  72  10:12  Marine x2  
  74  10:15  Marine  
  75  10:30  Marine x2  
  77  10:43  Supply Depot  
  77  10:45  Supply Depot  
  77  11:03  Barracks  
  77  11:04  Medivac x2, Siege Tank  
  77  11:05  Marauder  
  77  11:10  Supply Depot  
  86  11:11  Combat Shields  
  85  11:26  Marauder  
  87  11:34  Medivac x2  
  91  12:04  Medivac  
  93  12:30  Concussive Shells  
Show
View Real Time Build Order
Export as new Build Order

I.A. 1 (Fácil) Terran 

Build Orders:  

Get SALT Encoding   

  12  0:00  SCV  
  13  0:13  SCV  
  14  0:19  Supply Depot  
  14  0:25  SCV  
  15  0:40  SCV  
  15  0:42  Barracks  
  16  0:45  Refinery  
  16  1:09  Supply Depot  
  16  1:22  Refinery  
  16  1:29  Orbital Command, Marine  
  17  1:49  Barracks Tech Lab  
  17  1:54  SCV  
  18  2:06  SCV, Marine  
  18  2:08  Supply Depot  
  20  2:18  SCV  
  21  2:24  Marine  
  22  2:30  SCV  
  23  2:43  SCV, Marauder  
  26  2:55  SCV  
  27  3:04  Marauder  
  29  5:26  SCV, Reaper  
  29  5:28  Supply Depot  
  31  5:29  Factory  
  31  5:32  Command Center  
  31  5:49  SCV  
  32  5:51  Supply Depot  
  32  5:58  Marine  
  32  6:02  SCV  
  34  6:15  Starport, Marine  
  28  6:34  Marauder  
  30  6:45  SCV  
  31  6:50  SCV  
  31  6:53  Refinery, Starport Tech Lab  
  32  6:55  Marine  
  32  6:56  Refinery  
  32  6:57  SCV  
  34  7:02  SCV  
  35  7:09  SCV  
  35  7:12  Raven  
  35  7:13  Marauder  
  35  7:14  SCV  
  41  7:22  SCV  
  42  7:26  SCV  
  43  7:34  SCV, Marine  
  45  7:38  SCV  
  46  7:46  SCV  
  46  7:50  SCV  
  48  7:52  Marine  
  48  7:54  Raven  
  48  7:58  SCV  
  52  8:02  SCV  
  53  8:10  SCV, Reaper  
  55  8:14  SCV  
  56  8:22  SCV  
  56  8:27  SCV  
  58  8:34  SCV  
  58  8:39  SCV  
  60  8:42  Reaper  
  60  8:43  Supply Depot  
  61  9:14  Reaper  
  62  9:46  Marine  
  63  10:25  Medivac, Factory Tech Lab  
  65  10:28  Supply Depot  
  65  10:29  Engineering Bay  
  65  10:35  Command Center  
  65  10:44  Siege Tank  
  68  10:55  Terran Infantry Weapons Level 1, Medivac  
  70  10:59  Supply Depot  
  66  11:16  Siege Tank  
  61  11:23  Marine  
  61  11:25  Raven  
  60  11:40  Marine  
  61  11:48  Siege Tank, SCV  
  61  11:52  SCV  
  66  11:56  Refinery  
  66  11:57  SCV  
  66  11:59  Marine  
  66  12:00  Refinery  
  69  12:01  SCV  
  69  12:05  SCV  
  69  12:08  Raven  
  72  12:17  Marine  
  73  12:35  Marine  
  71  12:45  Hellion  
  71  12:50  Raven, SCV  
  69  12:55  SCV  
  69  12:56  Marine  
  60  13:03  SCV  
  61  13:07  SCV  
  61  13:15  SCV, Marauder  
  61  13:20  SCV  
  61  13:26  Hellion  
  52  13:27  SCV  
  52  13:32  SCV  
  45  13:39  SCV  
  40  13:44  SCV  
  28  13:56  SCV  
  26  14:08  SCV  
  25  14:19  Command Center  
  25  14:20  SCV  
  23  14:31  Command Center  
  23  14:33  Engineering Bay  
  23  14:34  Supply Depot  
  23  14:36  Supply Depot  
  21  14:45  Supply Depot  
Tags
 
Add a new tag
Caveats
  • Supply blocks, unpowered buildings, or Contaminate may cause inaccurate times.
  • Supply counts are checked every 10 seconds.